 Dungeon Crawl Stone Soup version 0.18-a0-1577-gf591c28 (webtiles) character file.

256 namelastname112 the Cutter (level 5, 0/40 HPs)
             Began as a Draconian Skald on Mar 19, 2016.
             Slain by a gnoll sergeant
             ... wielding a +1 trident of distortion
              (3 damage)
             ... on level 3 of the Dungeon.
             The game lasted 00:04:51 (3238 turns).

namelastname112 the Cutter (Draconian Skald)        Turns: 3238, Time: 00:04:51

Health: 0/40       AC:  8    Str: 14    XL:     5   Next: 92%
Magic:  5/8        EV: 12    Int: 15    God:
Gold:   73         SH:  0    Dex: 11    Spells: 2 memorised, 4 levels left

rFire  . . .     SeeInvis .     a - +0 short sword
rCold  . . .     Gourm    .     (armour unavailable)
rNeg   . . .     Faith    .     (no shield)
rPois  .         Spirit   .     o - +2 hat
rElec  .         Dismiss  .     (no cloak)
rCorr  .         Reflect  .     (no gloves)
SustAt .         Harm     .     j - +0 pair of boots
MR     .....                    (no amulet)
Stlth  ++........               k - -2 ring of slaying (curse)
                                g - ring of wizardry

@: not resistant to hostile enchantments, unstealthy
A: unfitting armour, clever 1, frail 1, cold-blooded, MP-powered wands, AC +5
a: no special abilities


You were on level 3 of the Dungeon.
You were hungry.

You visited 1 branch of the dungeon, and saw 3 of its levels.

You collected 73 gold pieces.

Inventory:

Hand Weapons
 a - a +0 short sword (weapon)
 l - a +0 rapier
Armour
 j - a +0 pair of boots (worn)
 o - a +2 hat (worn)
Jewellery
 g - a ring of wizardry (left hand)
 k - a cursed -2 ring of slaying (right hand)
Scrolls
 i - a scroll of identify
Potions
 d - a potion of flight {unknown}
 e - 2 potions of magic
 h - a potion of brilliance {unknown}
 m - 2 potions of curing {unknown}
 n - a potion of lignification {unknown}
Books
 b - a book of Battle

   Spells                             Type                      Level
   a - Infusion                       Charms                       1
   b - Shroud of Golubria             Charms/Translocation         2
   c - Song of Slaying                Charms                       2
   d - Spectral Weapon                Hexes/Charms                 3
   e - Regeneration                   Charms/Necromancy            3
Comestibles
 c - 2 bread rations
 f - 3 chunks of flesh


   Skills:
 + Level 3.4 Fighting
 * Level 3.7 Short Blades
 + Level 2.0 Dodging
 * Level 3.1 Stealth
 - Level 2.2 Spellcasting
 - Level 3.1 Charms


You had 4 spell levels left.
You knew the following spells:

 Your Spells              Type           Power        Failure   Level  Hunger
a - Infusion              Chrm           ##..         3%          1    #......
x - Spectral Weapon       Hex/Chrm       #.......     14%         3    ###....


Dungeon Overview and Level Annotations

Branches:
Dungeon (3/15)

Altars:
Cheibriados
Dithmenos
Gozag
Sif Muna


Innate Abilities, Weirdness & Mutations

Your plain brown scales are hard (AC +5).
Your body does not fit into most forms of armour.
You are cold-blooded and may be slowed by cold attacks.
Your mind is acute. (Int +2)
You are frail (-10% HP).
You expend magic power (3 MP) to strengthen your wands.


Message History

The gnoll sergeant hits you with a trident of distortion!
Space warps horribly around you!
You hit the gnoll sergeant but do no damage.
The gnoll sergeant is lightly wounded.
The gnoll sergeant blocks your spectral weapon's attack.
The gnoll sergeant closely misses you.
You hit the gnoll sergeant but do no damage.
The gnoll sergeant is lightly wounded.
Your spectral weapon hits the gnoll sergeant.
The gnoll sergeant hits you but does no damage.
Space bends around you.
* * * LOW HITPOINT WARNING * * *
You are feeling hungry.
You hit the gnoll sergeant but do no damage.
The gnoll sergeant is moderately wounded.
Your spectral weapon misses the gnoll sergeant.
The gnoll sergeant hits you with a trident of distortion!
* * * LOW HITPOINT WARNING * * *
Space bends around you.
You die...

#..#.....#....###.###.#
#..+.....#.##.# #.#
#.##..........# #.#
#.##..###+###.# #.#
#.##..# #.# #.#
#.##..###.###.###.#
#.##..+.._..'..##.#
#..#######g.## ##.
#@(.# #.#.#
........#...
.....#####..# ###. .>..
.. ..#.. ## .#..


You could see a gnoll sergeant and a friendly spectral short sword.

Vanquished Creatures
  Natasha (twice) (D:2)
  An orc wizard (D:3)
  Robin (D:1)
  4 adders
  8 gnolls
  A dart slug (D:2)
  4 giant geckos
  2 orcs (D:3)
  A giant cockroach (D:2)
  16 goblins
  3 hobgoblins
  8 bats
  A giant newt (D:2)
  2 kobolds (D:1)
  2 rats
56 creatures vanquished.

Notes
Turn   | Place    | Note
--------------------------------------------------------------
     0 | D:1      | namelastname112 the Draconian Skald began the quest for the Orb.
     0 | D:1      | Reached XP level 1. HP: 17/17 MP: 3/3
   201 | D:1      | Reached XP level 2. HP: 20/25 MP: 5/5
   568 | D:1      | Reached skill level 1 in Stealth
   773 | D:2      | Noticed Robin
   969 | D:1      | Reached XP level 3. HP: 16/30 MP: 6/6
   974 | D:1      | Learned a level 3 spell: Spectral Weapon
  1129 | D:1      | Killed Robin
  1336 | D:2      | Gained mutation: You expend magic power (3 MP) to strengthen your wands. [potion of mutation]
  1336 | D:2      | Gained mutation: Your mind is acute. (Int +2) [potion of mutation]
  1336 | D:2      | Gained mutation: You are frail (-10% HP). [potion of mutation]
  1619 | D:2      | Reached XP level 4. HP: 7/33 MP: 3/7
  1933 | D:2      | Found an opulent altar of Gozag.
  2070 | D:2      | Found a shadowy altar of Dithmenos.
  2143 | D:2      | Found a snail-covered altar of Cheibriados.
  2210 | D:2      | Noticed Natasha
  2218 | D:2      | Killed Natasha
  2501 | D:3      | Noticed a gnoll sergeant
  2546 | D:2      | Reached XP level 5. HP: 18/40 MP: 1/8
  2706 | D:2      | Noticed Natasha
  2715 | D:2      | Killed Natasha
  3222 | D:3      | Found a deep blue altar of Sif Muna.
  3238 | D:3      | Slain by a gnoll sergeant

Vault maps used:
D:1:      evilmike_arrival_hilbert_curve
D:2:      nicolae_overflow_crystal_walls, nicolae_dithmenos_shadow_blocks,
          nicolae_gozag_seed_capital, first_bread, uniq_natasha, uniq_robin
D:3:      lemuel_doored_altar

Skill      XL: |  1  2  3  4  5 |
---------------+----------------+-----
Stealth        | 1 2 3 |  3.1
Charms         | 3 |  3.1
Short Blades   | 3 |  3.7
Fighting       | 3 |  3.4
Dodging        | 2 |  2.0
Spellcasting   | |  2.2

Action                   |  1- 3 |  4- 6 || total
-------------------------+-------+-------++-------
Melee: Short sword       |   119 |   106 ||   225
 Cast: Spectral Weapon   |     3 |    11 ||    14
  Use: Scroll            |     3 |     1 ||     4
       Potion            |     1 |       ||     1
 Stab: Sleeping          |       |     1 ||     1
  Eat: Chunk             |     2 |     7 ||     9
